 Dungeon Crawl Stone Soup version 0.20.1-1-g8b1a95d (webtiles) character file.

225 gobwax the Firebug (level 6, 0/36 HPs)
             Began as an Octopode Fire Elementalist on Aug 21, 2017.
             Slain by a worker ant (7 damage)
             ... on level 4 of the Dungeon.
             The game lasted 00:08:52 (3498 turns).

gobwax the Firebug (Octopode Fire Elementalist)     Turns: 3498, Time: 00:08:53

Health: 0/36       AC:  1    Str:  6 (7)  XL:     6   Next: 1%
Magic:  4/10       EV: 19    Int: 18 (19) God:
Gold:   112        SH:  0    Dex: 18      Spells: 4/10 levels left

rFire    . . .     SeeInvis .   d - +2 dagger (speed)
rCold    . . .     Gourm    +   (no shield)
rNeg     . . .     Faith    .   (helmet restricted)
rPois    .         Spirit   .   g - amulet of the gourmand
rElec    .         Reflect  .   (no ring)
rCorr    .         Harm     .   (no ring)
MR       .....                  (no ring)
Stlth    ++++......             (no ring)
Regen    0.2/turn               (no ring)
MPRegen  0.2/turn               (no ring)
                                (no ring)
                                (no ring)

@: agile, lethally poisoned (0 -> -3), very slightly contaminated
A: almost no armour, stealthy swim, amphibious, 8 rings, constrict 8, camouflage
1, gelatinous body 1
a: no special abilities


You were on level 4 of the Dungeon.
You were very full.

You visited 1 branch of the dungeon, and saw 4 of its levels.

You collected 112 gold pieces.

Inventory:

Hand Weapons
 d - a +2 dagger of speed (weapon)
Jewellery
 g - an amulet of the gourmand (around mantle)
 m - an uncursed ring of ice {unknown}
Scrolls
 j - a scroll of noise {unknown}
 k - a scroll of teleportation {unknown}
 l - a scroll of enchant armour {unknown}
 n - 3 scrolls of remove curse {unknown}
Books
 a - a book of Flames

   Spells                             Type                      Level
   a - Flame Tongue                   Conjuration/Fire             1
   b - Throw Flame                    Conjuration/Fire             2
   c - Conjure Flame                  Conjuration/Fire             3
   d - Inner Flame                    Hexes/Fire                   3
   e - Sticky Flame                   Conjuration/Fire             4
   f - Fireball                       Conjuration/Fire             5
Comestibles
 b - 3 bread rations
 i - 2 chunks of flesh
 p - a meat ration


   Skills:
 - Level 2.0 Dodging
 - Level 2.6 Stealth
 + Level 2.8 Spellcasting
 + Level 2.2 Conjurations
 + Level 5.6 Fire Magic


You had 4 spell levels left.
You knew the following spells:

 Your Spells              Type           Power        Failure   Level  Hunger
a - Flame Tongue          Conj/Fire      ###..        3%          1    None
b - Throw Flame           Conj/Fire      ###...       4%          2    ##.....
c - Conjure Flame         Conj/Fire      ###.....     10%         3    ###....


Dungeon Overview and Level Annotations

Branches:
Dungeon (4/15)
 Temple: D:4-7

Altars:

Annotations:
D:3 Sigmund


Innate Abilities, Weirdness & Mutations

You cannot wear most types of armour.
You are very stealthy in the water. (Stealth+)
You are amphibious.
You can wear up to eight rings at the same time.
You can use your tentacles to constrict eight enemies at once.
Your skin changes colour to match your surroundings (Stealth+).
Your rubbery body absorbs attacks. (AC +1, EV +1)


Message History

The worker ant completely misses you.
Casting: Flame Tongue
Confirm with . or Enter, or press ? or * to list all spells.
Aiming: Flame Tongue
Press: ? - help, Shift-Dir - straight line, f/p - worker ant
Aim: a worker ant (lightly wounded)
The flame tongue hits the worker ant.
The worker ant appears unharmed.
The worker ant is lightly wounded.
The worker ant bites you.
* * * LOW HITPOINT WARNING * * *
You are poisoned.
The worker ant poisons you!
You feel agile all of a sudden.
You feel sick. The worker ant misses you.
You feel sick.
You feel sick. The worker ant misses you.
You feel sick.
There is an escape hatch in the floor here.
The worker ant bites you!
You die...

................#.#.#..
.......................
..... ................
.... ##....#.........
#.. #..............
#..###...##....#.#
#####.......†........#
.......@a.......<..#
........##...##......#
######..##...........#
....................
##...................
#...##..###.........
......... ..........
.....##.## #..####.##


You could see a worker ant.

Vanquished Creatures
  Natasha (thrice) (D:2)
  3 adders
  4 gnolls (D:2)
  A worm (D:2)
  A dart slug (D:1)
  A leopard gecko (D:1)
  An orc (D:3)
  6 giant cockroaches
  11 goblins
  14 hobgoblins
  5 jackals
  7 kobolds
  A quokka (D:4)
  4 ball pythons
  8 bats
  4 frilled lizards
  4 rats
78 creatures vanquished.

Notes
Turn   | Place    | Note
-------+----------+-------------------------------------------
     0 | D:1      | gobwax the Octopode Fire Elementalist began the quest for the Orb.
     0 | D:1      | Reached XP level 1. HP: 11/11 MP: 3/3
   652 | D:1      | Reached XP level 2. HP: 16/17 MP: 5/5
  1282 | D:1      | Reached XP level 3. HP: 21/21 MP: 6/6
  1521 | D:1      | Reached skill level 4 in Fire Magic
  1744 | D:2      | Noticed Natasha
  1751 | D:2      | Killed Natasha
  1751 | D:2      | Reached XP level 4. HP: 18/27 MP: 4/7
  1915 | D:2      | Noticed Natasha
  1927 | D:2      | Learned a level 2 spell: Throw Flame
  2175 | D:2      | Killed Natasha
  2241 | D:2      | Noticed Natasha
  2248 | D:2      | Killed Natasha
  2248 | D:2      | Reached skill level 5 in Fire Magic
  2248 | D:2      | Reached XP level 5. HP: 2/31 MP: 4/9
  3088 | D:2      | Learned a level 3 spell: Conjure Flame
  3405 | D:3      | Noticed Sigmund
  3475 | D:3      | Reached XP level 6. HP: 16/36 MP: 8/10
  3498 | D:4      | Slain by a worker ant

Skill      XL: |  1  2  3  4  5 |
---------------+----------------+-----
Fire Magic     | 4 5 |  5.6
Conjurations   | 2 |  2.2
Dodging        | |  2.0
Stealth        | |  2.6
Spellcasting   | |  2.8

Action                   |  1- 3 |  4- 6 || total
-------------------------+-------+-------++-------
Melee: Unarmed           |     9 |       ||     9
       Dagger            |    64 |    73 ||   137
       Constrict         |    19 |    18 ||    37
       Tentacles         |     8 |    14 ||    22
 Cast: Flame Tongue      |    10 |    38 ||    48
       Throw Flame       |       |     5 ||     5
       Conjure Flame     |       |     1 ||     1
  Use: Potion            |       |     8 ||     8
       Scroll            |       |     3 ||     3
 Stab: Sleeping          |     5 |     3 ||     8
  Eat: Chunk             |     4 |    13 ||    17
Armor: Skin              |    10 |     5 ||    15
Dodge: Dodged            |    43 |    50 ||    93
